AoeStats
← LuckyFox

Arena

507999065Analyzed
4v4 RM · 12d ago on Sep 20, 2026· 51m 57s· 8 players
Game mode
Random Map
Map size
Large (8 player)
Population
200
Speed
Normal
Resources
Standard
Victory
Conquest
Starting age
Dark Age
Ending age
Imperial Age
RankedLock teamsTeams togetherTeam positionsShared explorationLock speedFull tech treeHidden civsTurbo modeCheats
Victory
Defeat
🇰🇷 Goths · South Korea
747
+15
🇦🇷 Khmer · Argentina
740
+15
🇭🇰 Portuguese · Hong Kong SAR China
729
+15
🇨🇳 Lithuanians · China
679
+16
🇪🇸 Khmer · Spain
752
-17
🇷🇺 Vietnamese · Russia
735
-16
🇩🇪 Goths · Germany
710
-15
🇵🇱 Bohemians · Poland
655
-13
Sg1Sga
2:44 Loom
12:08 Feudal Age
15:54 Wheelbarrow
18:09 Castle Age
15:48 Man-at-Arms
16:39 Double-Bit Axe
17:15 Loom
22:45 Stone Mining
23:16 Horse Collar
24:30 Wheelbarrow
24:11 Heavy Plow
25:57 Long Swordsman
30:12 Squires
30:01 Pikeman
31:13 Bow Saw
32:19 Gold Mining
33:51 Hand Cart
33:23 Town Watch
35:25 Anarchy
38:31 Imperial Age
37:54 Bloodlines
37:44 Husbandry
37:05 Light Cavalry
37:49 Scale Mail Armor
37:54 Scale Barding Armor
38:00 Forging
39:18 Chain Mail Armor
38:59 Halberdier
39:53 Perfusion
40:42 Conscription
41:44 Elite Huskarl
42:46 Caravan
44:30 Iron Casting
44:28 Hussar
47:36 Town Patrol
coran
11:23 Feudal Age
12:50 Double-Bit Axe
19:03 Castle Age
19:08 Scale Mail Armor
19:09 Padded Archer Armor
19:00 Fletching
19:21 Forging
22:06 Wheelbarrow
25:02 Squires
26:08 Fortified Wall
28:10 Horse Collar
29:43 Treadmill Crane
30:14 Masonry
31:06 Leather Archer Armor
31:25 Chain Mail Armor
32:29 Pikeman
35:21 Fervor
35:39 Heavy Plow
37:29 Iron Casting
36:40 Elite Skirmisher
39:30 Bodkin Arrow
40:32 Hand Cart
42:55 Chemistry
46:44 Imperial Age
46:00 Arson
47:29 Halberdier
XxjesulizxX
0:28 Loom
10:27 Feudal Age
11:46 Wheelbarrow
11:00 Double-Bit Axe
10:57 Horse Collar
12:00 Gold Mining
18:40 Castle Age
19:36 Hand Cart
20:16 Bow Saw
21:39 Heavy Plow
21:46 Stone Mining
21:51 Town Watch
25:20 Forging
25:11 Scale Mail Armor
25:16 Scale Barding Armor
25:43 Husbandry
28:03 Bloodlines
28:33 Pikeman
29:01 Arson
33:23 Imperial Age
32:43 Fletching
32:54 Padded Archer Armor
33:29 Iron Casting
33:10 Chain Mail Armor
33:37 Town Patrol
34:31 Cavalier
35:31 Chain Mail Armor
35:37 Chain Barding Armor
35:32 Leather Archer Armor
35:13 Bodkin Arrow
36:44 Conscription
37:55 Blast Furnace
36:52 Capped Ram
38:28 Double Crossbow
39:04 Tusk Swords
40:16 Plate Barding Armor
39:42 Bracer
41:10 Halberdier
LuckyFox
5:00 Loom
11:05 Feudal Age
11:39 Double-Bit Axe
11:36 Horse Collar
12:51 Gold Mining
20:54 Castle Age
21:26 Fletching
22:47 Thumb Ring
22:24 Crossbowman
24:29 Stone Mining
24:49 Heavy Plow
25:19 Ballistics
25:21 Town Watch
25:17 Elite Skirmisher
26:22 Man-at-Arms
27:02 Squires
27:08 Husbandry
27:27 Bloodlines
28:39 Wheelbarrow
29:36 Bow Saw
31:11 Murder Holes
32:56 Stone Mining
33:37 Hand Cart
34:31 Fortified Wall
40:14 Chatras
40:33 Bodkin Arrow
40:44 Town Patrol
41:44 Treadmill Crane
rananculus
0:29 Loom
14:44 Feudal Age
22:34 Castle Age
21:05 Double-Bit Axe
21:12 Gold Mining
21:18 Stone Mining
21:13 Horse Collar
23:09 Forging
22:59 Scale Mail Armor
24:05 Stone Shaft Mining
25:30 Bow Saw
25:16 Man-at-Arms
25:17 Pikeman
26:15 Long Swordsman
26:56 Squires
29:34 Wheelbarrow
28:45 Town Watch
37:07 Imperial Age
34:57 Heavy Plow
39:13 Conscription
38:22 Two-Handed Swordsman
39:23 Town Patrol
40:00 Chain Mail Armor
40:52 Crop Rotation
41:27 Two-Man Saw
40:50 Hand Cart
42:43 Onager
45:23 Ballistics
46:03 Chemistry
45:45 Iron Casting
47:03 Caravan
47:34 Coinage
47:19 Masonry
48:04 Heavy Scorpion
48:09 Halberdier
50:20 Banking
50:01 Guilds
50:53 Murder Holes
51:28 Architecture
Smallfung
12:12 Feudal Age
16:50 Castle Age
15:04 Gold Mining
15:23 Double-Bit Axe
21:48 Imperial Age
20:29 Bow Saw
21:28 Treadmill Crane
23:43 Chemistry
27:01 Stone Mining
29:07 Wheelbarrow
28:50 Fletching
30:16 Bodkin Arrow
30:57 Hand Cart
30:29 Loom
30:29 Town Watch
31:18 Bracer
32:15 Bombard Tower
32:06 Fortified Wall
32:18 Ballistics
32:43 Stone Shaft Mining
32:48 Town Patrol
33:24 Murder Holes
33:40 Masonry
34:37 Two-Man Saw
36:24 Siege Engineers
36:49 Architecture
36:32 Guilds
44:36 Scale Mail Armor
44:47 Forging
48:36 Gambesons
48:12 Man-at-Arms
49:11 Chain Mail Armor
49:31 Iron Casting
48:50 Arson
48:48 Long Swordsman
49:46 Two-Handed Swordsman
50:20 Champion
52:41 Blast Furnace
52:11 Plate Mail Armor
Melosito
14:00 Feudal Age
14:53 Feudal Age
19:51 Castle Age
19:25 Double-Bit Axe
21:35 Fletching
21:51 Scale Barding Armor
21:49 Husbandry
27:15 Tusk Swords
31:58 Bodkin Arrow
33:42 Ballistics
33:20 Murder Holes
33:36 Masonry
40:03 Imperial Age
38:11 Gold Mining
41:18 Wheelbarrow
40:29 Town Watch
41:29 Conscription
44:53 Chemistry
44:34 Double Crossbow
46:34 Loom
47:05 Hand Cart
46:35 Town Watch
47:05 Caravan
46:52 Elite Ballista Elephant
48:39 Architecture
48:17 Town Patrol
51:46 Hoardings
QJppzgya
0:31 Loom
11:57 Feudal Age
13:21 Double-Bit Axe
16:49 Castle Age
17:47 Wheelbarrow
20:00 Hand Cart
24:20 Bow Saw
25:40 Horse Collar
26:28 Town Watch
27:14 Caravan
27:37 Gold Mining
27:37 Stone Mining
33:07 Imperial Age
30:38 Town Patrol
31:25 Scale Barding Armor
31:21 Scale Mail Armor
31:31 Forging
33:12 Bloodlines
33:02 Husbandry
33:41 Stone Shaft Mining
34:26 Conscription
35:09 Chain Barding Armor
35:05 Chain Mail Armor
35:25 Iron Casting
34:23 Elite Leitis
36:24 Plate Barding Armor
43:24 Herbal Medicine
49:44 Masonry
49:16 Treadmill Crane
49:59 Ballistics
50:40 Chemistry
Connection lost

Rejoining the realm…

Still unreachable

The connection could not be restored.

Session expired

The server has moved on; the page needs a fresh start.